 Dungeon Crawl Stone Soup version 0.27-a0-1597-ge58577e147 (webtiles) character file.

Game seed: 5498924404402245813

51 Mitsuki the Conjurer (level 3, 0/19 HPs)
             Began as a Deep Elf Conjurer on July 21, 2021.
             Succumbed to a goblin's poison
             ... on level 2 of the Dungeon.
             The game lasted 00:02:25 (1182 turns).

Mitsuki the Conjurer (Deep Elf Conjurer)            Turns: 1182, Time: 00:02:25

Health: 0/19       AC:  2    Str:  4    XL:     3   Next: 58%
Magic:  3/10       EV: 12    Int: 23    God:
Gold:   28         SH:  0    Dex: 13    Spells: 6/9 levels left

rFire    + . .     SeeInvis .   d - +0 whip
rCold    . . .     Faith    .   (no shield)
rNeg     . . .     Spirit   .   a - +0 robe
rPois    .         Reflect  .   (no helmet)
rElec    .         Harm     .   (no cloak)
rCorr    .         Rampage  .   (no gloves)
Will     .....                  (no boots)
Stlth    ++........             (no amulet)
HPRegen  0.06/turn              f - ring of protection from fire
MPRegen  0.12/turn              (no ring)

@: mighty, lethally poisoned (0 -> -2), hasted, very quick
A: no striking features
a: no special abilities


You were on level 2 of the Dungeon.
You visited 1 branch of the dungeon, and saw 2 of its levels.

You collected 28 gold pieces.

Inventory:

Hand Weapons
 d - a +0 whip (weapon)
Armour
 a - a +0 robe (worn)
Jewellery
 f - a ring of protection from fire (left hand)
Scrolls
 c - a scroll of teleportation {unknown}
 e - a scroll of immolation {unknown}
 g - a scroll of vulnerability {unknown}


   Skills:
 - Level 2.4 Dodging
 - Level 2.4 Stealth
 + Level 3.9 Spellcasting
 * Level 5.4 Conjurations


You had 6 spell levels left.
You knew the following spells:

 Your Spells              Type           Power      Damage    Failure   Level
a - Magic Dart            Conj           100%       1d8       1%          1
b - Searing Ray           Conj           58%        3d5       1%          2

Your spell library contained the following spells:

 Spells                   Type           Power      Damage    Failure   Level
 Dazzling Flash           Conj/Hex       34%        N/A       11%         3
 Fulminant Prism          Conj/Hex       8%         3d7       34%         4
 Iskenderun's Mystic Bla  Conj/Tloc      17%        2d5       34%         4


Dungeon Overview and Level Annotations

Branches:
Dungeon (2/15)

Altars:


Message History

You take 7 damage, and have 10/19 hp.
MASSIVE DAMAGE!!
You now have 5/10 mp.
Casting: Magic Dart (safe; 1% risk of failure)
Confirm with . or Enter, or press ? or * to list all spells.
The magic dart hits the adder.
The adder is heavily wounded.
You feel sick.
You take 2 damage, and have 8/19 hp.
You now have 4/10 mp.
You are too injured to fight recklessly!
You are too injured to fight recklessly!
It was a potion of might.
You feel very mighty all of a sudden.
You feel sick.
You take 2 damage, and have 6/19 hp.
It was a potion of haste.
You feel yourself speed up.
* * * LOW HITPOINT WARNING * * *
You feel sick.
You take 2 damage, and have 4/19 hp.
Casting: Magic Dart (safe; 1% risk of failure)
Confirm with . or Enter, or press ? or * to list all spells.
Aiming: Searing Ray (safe; 1% risk of failure)
Press: ? - help, Shift-Dir - straight line, f/p - adder
Aim: an adder (heavily wounded, 66% to hit)
The searing ray hits the adder!
You kill the adder! (Press . to maintain the ray.)
You now have 3/10 mp.
* * * LOW HITPOINT WARNING * * *
You feel sick.
You take 1 damage, and have 3/19 hp.
* * * LOW HITPOINT WARNING * * *
You feel sick.
You take 1 damage, and have 2/19 hp.
* * * LOW HITPOINT WARNING * * *
You feel sick.
You take 1 damage, and have 1/19 hp.
Really walk into that teleport trap?
You enter a teleport trap!
The teleport trap disappears.
Your surroundings suddenly seem different.
A kobold comes into view. It is wielding a +0 dagger.
You die...

. #####...#
#@....#
.............#
..............#
..............#
...............
....K..........
...............
...............


You could see a kobold (asleep).

Vanquished Creatures
  2 adders (D:2)
  A dart slug (D:1)
  2 endoplasms
  4 goblins
  2 hobgoblins (D:1)
  6 jackals (D:1)
  A quokka (D:1)
  2 ball pythons (D:1)
  A bat (D:1)
  2 frilled lizards (D:1)
  2 kobolds (D:1)
  6 rats (D:1)
31 creatures vanquished.

Notes
Turn   | Place    | Note
-------+----------+-------------------------------------------
     0 | D:1      | Mitsuki the Deep Elf Conjurer began the quest for the Orb.
     0 | D:1      | Reached XP level 1. HP: 10/10 MP: 6/6
   123 | D:1      | Reached XP level 2. HP: 8/15 MP: 1/8
   424 | D:1      | Reached skill level 5 in Conjurations
   436 | D:1      | Learned a level 2 spell: Searing Ray
   689 | D:1      | Found a faded altar of an unknown god.
  1036 | D:1      | Reached XP level 3. HP: 19/19 MP: 6/10
  1182 | D:2      | Succumbed to a goblin's poison

Illustrated notes

Levels and vault maps discovered:
D:1:      roderic_crossed_star, layout_basic,
          chequers_ecumenical_altar_simple_redux
D:2:      layout_rooms, glass_columns_a, uniq_sigmund

Skill      XL: |  1  2 |
---------------+-------+-----
Conjurations   | 5 |  5.4
Dodging        | |  2.4
Stealth        | |  2.4
Spellcasting   | |  3.9

Action                   || total
-------------------------++-------
Melee: Unarmed           ||     5
       Whip              ||     4
 Cast: Magic Dart        ||    57
       Searing Ray       ||     1
  Use: Potion            ||     2
Armor: Robe              ||     7
Dodge: Dodged            ||    20

Table legend: (Time is in decaauts)
 A = Elapsed time spent in this place.
 B = Non-inter-level travel time spent in this place.
 C = Inter-level travel time spent in this place.
 D = Time resting spent in this place.
 E = Time spent auto-exploring this place.
 F = Levels seen in this place.
 G = Mean time per level.
                   A        B        C        D        E       F      G
               +--------+--------+--------+--------+--------+-----+--------+
         Total |   1179 |   1166 |     13 |    121 |    902 |   2 |  589.5 |
       Dungeon |   1179 |   1166 |     13 |    121 |    902 |   2 |  589.5 |
               +--------+--------+--------+--------+--------+-----+--------+

Top non-repeatable levels by time:
     D:1: 1101 daAuts
     D:2: 78 daAuts
